 Dungeon Crawl Stone Soup version 0.20.1-1-g8b1a95d (webtiles) character file.

237 JeffiDaFish the Shield-Bearer (level 6, -15/34 HPs)
             Began as a Gargoyle Fighter on Oct 8, 2017.
             Shot themself with an iceblast (16 damage)
             ... on level 4 of the Dungeon.
             The game lasted 00:08:59 (3028 turns).

JeffiDaFish the Shield-Bearer (Gargoyle Fighter)    Turns: 3028, Time: 00:09:00

Health: -15/34     AC:  5    Str: 19    XL:     6   Next: 6%
Magic:  6/6        EV: 11    Int:  9    God:
Gold:   205        SH:  0    Dex: 11    Spells: 5/5 levels left

rFire    . . .     SeeInvis .   a - +0 flail
rCold    . . .     Gourm    .   (no shield)
rNeg     + . .     Faith    .   (no armour)
rPois    ∞         Spirit   .   (no helmet)
rElec    +         Reflect  .   (no cloak)
rCorr    .         Harm     .   q - +0 pair of gloves
MR       .....                  (no boots)
Stlth    +.........             (no amulet)
Regen    0.2/turn               (no ring)
MPRegen  0.1/turn               (no ring)

@: drained
A: hooves 1, deformed body, frail 1, negative energy resistance 1, electricity
resistance, inhibited regeneration, unbreathing, petrification resistance, rot
immunity, AC +4
a: no special abilities


You were on level 4 of the Dungeon.
You were not hungry.

You visited 1 branch of the dungeon, and saw 4 of its levels.
You also visited: Sewer.

You collected 205 gold pieces.

Inventory:

Hand Weapons
 a - a +0 flail (weapon)
Armour
 b - a +0 scale mail
 c - a +1 shield
 q - a +0 pair of gloves (worn)
Jewellery
 g - an uncursed ring of flight {unknown}
Wands
 j - a wand of polymorph (17/24)
 p - a wand of iceblast (6/15)
Scrolls
 e - 2 scrolls of remove curse
 l - a scroll of teleportation
 m - 2 scrolls of enchant armour
 o - 3 scrolls of fear
Potions
 k - 2 potions of magic
 r - a potion of curing
Comestibles
 d - a chunk of flesh
 f - 5 bread rations
 h - 2 meat rations
 i - 9 fruits
 n - a royal jelly


   Skills:
 + Level 3.7(3.6) Fighting
 + Level 3.6(3.5) Maces & Flails
 + Level 4.4 Armour
 + Level 1.0 Dodging
 + Level 5.0(4.9) Shields


You had 5 spell levels left.
You didn't know any spells.

Dungeon Overview and Level Annotations

Branches:
Dungeon (4/15)
 Temple: D:4-7

Altars:


Innate Abilities, Weirdness & Mutations

You are resistant to torment.
Your stone body is resilient. (AC +4)
You are immune to poison.
You resist negative energy. (rN+)
You are resistant to electric shocks. (rElec)
You can survive without breathing.
You are immune to petrification.
You are immune to rotting.
You have large cloven feet.
Armour fits poorly on your strangely shaped body.
You are frail. (-10% HP)
You do not regenerate when monsters are visible.


Message History

That beam is likely to hit you.
Continue anyway?
The mass of ice explodes!
The iceblast engulfs you!
Evoking this partially-identified wand wasted a few charges.
Aiming: Iceblast (will waste charges)
Press: ? - help, Shift-Dir - straight line, f - you That beam is likely to hit you.
Continue anyway?
The mass of ice explodes!
The iceblast engulfs you!
* * * LOW HITPOINT WARNING * * *
Evoking this partially-identified wand wasted a few charges.
Aiming: Iceblast (will waste charges)
Press: ? - help, Shift-Dir - straight line, f - you That beam is likely to hit you.
Continue anyway?
The mass of ice explodes!
The iceblast engulfs you!
* * * LOW HITPOINT WARNING * * *
Evoking this partially-identified wand wasted a few charges.
Aiming: Iceblast (will waste charges)
Press: ? - help, Shift-Dir - straight line, f - you That beam is likely to hit you.
Continue anyway?
The mass of ice explodes!
The iceblast engulfs you!
You die...

..........##..###...#.#^
..........#..## #......[
............## #....#.#
).)........## #(.....#
...........# ####.###
...........# #.#
...........# #.#
.......(.>## ###
.......@.## ##########


There were no monsters in sight!

Vanquished Creatures
  Purgy (Sewer)
  Robin (D:3)
  5 adders
  3 worms
  A leopard gecko (D:4)
  3 orcs
  8 bats
  5 giant cockroaches
  12 goblins
  7 hobgoblins
  7 jackals
  4 kobolds
  A ball python (Sewer)
  14 frilled lizards
  6 rats
78 creatures vanquished.

Notes
Turn   | Place    | Note
-------+----------+-------------------------------------------
     0 | D:1      | JeffiDaFish the Gargoyle Fighter began the quest for the Orb.
     0 | D:1      | Reached XP level 1. HP: 14/14 MP: 1/1
   150 | D:1      | Reached XP level 2. HP: 15/19 MP: 2/2
   909 | D:2      | Reached XP level 3. HP: 13/23 MP: 3/3
  1414 | D:2      | Reached XP level 4. HP: 22/28 MP: 4/4
  1699 | D:2      | Reached skill level 4 in Shields
  1768 | D:3      | Noticed Robin
  1807 | D:3      | Killed Robin
  2068 | D:3      | Found a glowing drain.
  2119 | Sewer    | Entered a sewer
  2438 | Sewer    | Noticed Purgy
  2451 | Sewer    | Killed Purgy
  2451 | Sewer    | Reached skill level 1 in Dodging
  2451 | Sewer    | Reached XP level 5. HP: 16/33 MP: 5/5
  2704 | D:3      | Reached XP level 6. HP: 34/38 MP: 6/6
  2920 | D:4      | Gained mutation: Armour fits poorly on your strangely shaped body. [potion of mutation]
  2920 | D:4      | Gained mutation: You do not regenerate when monsters are visible. [potion of mutation]
  2920 | D:4      | Gained mutation: You are frail. (-10% HP) [potion of mutation]
  2920 | D:4      | Gained mutation: You have large cloven feet. [potion of mutation]
  2960 | D:4      | Reached skill level 5 in Shields
  3027 | D:4      | HP: 1/34 [suicidal targeting (1)]
  3028 | D:4      | Shot themself with an iceblast

Skill      XL: |  1  2  3  4  5  6 |
---------------+-------------------+-----
Shields        | 4 5 |  5.0
Maces & Flails | 3 |  3.6
Armour         | 4 |  4.4
Dodging        | 1 |  1.0
Fighting       | |  3.7

Action                   |  1- 3 |  4- 6 || total
-------------------------+-------+-------++-------
Melee: Flail             |   207 |   204 ||   411
       Kick              |       |     1 ||     1
Evoke: Wand              |       |     4 ||     4
  Use: Scroll            |     4 |     4 ||     8
       Potion            |     2 |     4 ||     6
  Eat: Chunk             |     2 |     6 ||     8
Armor: Scale mail        |   163 |   168 ||   331
Dodge: Dodged            |    82 |    79 ||   161
Block: Shield            |   126 |   186 ||   312
